[Event "*** SCC Grand Prix: Titled Tuesday Blitz"]
[Site "Chess.com"]
[Date "2020.07.14"]
[Round "7"]
[White "SzMM19"]
[Black "Steven_Rojas"]
[Result "1/2-1/2"]
[WhiteElo "2558"]
[BlackElo "2404"]
[TimeControl "180+1"]
[EndTime "11:21:22 PDT"]
[Termination "Game drawn - insufficient material"]

1. e4 e5 2. Nf3 Nc6 3. Nc3 g6 4. d4 exd4 5. Nxd4 Bg7 6. Be3 Nge7 7. Be2 O-O 8. O-O d5 9. exd5 Nxd5 10. Nxd5 Nxd4 11. Bxd4 Qxd5 12. Bxg7 Qxd1 13. Raxd1 Kxg7 14. Bf3 c6 15. Rd6 Bf5 16. c3 Rad8 17. Rfd1 Rxd6 18. Rxd6 Re8 19. Kf1 Re7 20. a4 Rd7 21. Rxd7 Bxd7 22. Ke2 Kf6 23. Ke3 Ke5 24. Be4 f5 25.
f4+ Kd6 26. Bd3 Be6 27. b4 c5 28. Be2 b6 29. Bf3 a5 30. bxa5 bxa5 31. Bd1 Ba2 32. g3 Kd5 33. Bc2 Kc4 34. Kd2 Bb3 35. Bd3+ Kd5 36. Bb5 Bc4 37. Be8 Kd6 38. Ke3 Ke7 39. Bc6 Kd6 40. Be8 Bd5 41. Kd3 Bg2 42. Ke3 Bf1 43. Bf7 Ba6 44. Bg8 Ke7 45. Bd5 h6 46. h4 Kf6 47. Bg8 g5 48. hxg5+ hxg5 49. Bd5 Bf1 50. Bc6 Bc4 51. Be8 Bb3 52. Bb5 gxf4+ 53. Kxf4 Be6 54. Bc6 Bc4 55. Bd7 Bf7 56. Bxf5 Bb3 57.
Bd7 Ke7 58. Bb5 Bc2 59. g4 Kd6 60. g5 Bg6 61. Bc4 Be8 62. Kf5 Bxa4 63. Kf6 Bc2 64. g6 Bxg6 65. Kxg6 Ke5 66. Kf7 Ke4 67. Ke6 Ke3 68.
Kd5 Kd2 69. Kxc5 Kxc3 70. Be6 a4 71. Kb5 a3 72. Ka4 Kb2 73. Bb3 Kc3 74. Kxa3 1/2-1/2

[Event "*** SCC Grand Prix: Titled Tuesday Blitz"]
[Site "Chess.com"]
[Date "2020.07.14"]
[Round "7"]
[White "Chuchofrio1"]
[Black "ARTHURMOTIVATOR"]
[Result "0-1"]
[WhiteElo "2171"]
[BlackElo "2335"]
[TimeControl "180+1"]
[EndTime "11:21:22 PDT"]
[Termination "ARTHURMOTIVATOR won by checkmate"]

1. d4 Nf6 2. c4 c5 3. d5 g6 4.
Nc3 Bg7 5. e4 d6 6. f4 O-O 7. Nf3 e6 8. dxe6 Bxe6 9. Bd3 Nc6 10. f5 Bd7 11. O-O Nd4 12. Nxd4 cxd4 13. Nd5 Nxd5 14. exd5 Be5 15. Qf3 Qf6 16. Bd2 gxf5 17. Bxf5 Bxf5 18. Qxf5 Qxf5 19. Rxf5 f6 20. Raf1 Rac8 21. Bh6 Rf7 22. b3 a6 23. g4 b5 24. g5 bxc4 25. bxc4 Rxc4 26. gxf6 d3 27. Rg5+ Kh8 28. Bg7+ Kg8 29. Rb1 Rfc7 30. Rb8+ Rc8 31. Rb7 R4c7 32. Bh6+ Kh8 33. Bg7+ Kg8 34. Bh6+ Kh8 35.
Rg7 d2 36. Bxd2 Rxb7 37. Rxb7 Bxf6 38. Rb6 Bd4+ 39. Kg2 Bxb6 40. Bb4 Rc2+ 41. Kf3 Bc5 42. Ba5 Rxa2 43. Bd8 Kg7 44. Be7 Kg6 45. Ke4 Rxh2 46. Bd8 Re2+ 47. Kf3 Rf2+ 48. Kg3 h5 49. Ba5 Ra2 50. Bc3 Ra3 51. Kh4 Bf2+ 52. Kh3 Rxc3+ 53. Kg2 Bh4 54. Kf1 Bg5 55. Ke2 Kf5 56. Kd1 Ke4 57.
Ke2 Rc2+ 58. Kf1 Kf3 59. Kg1 Be3+ 60. Kh1 Bf4 61. Kg1 h4 62. Kh1 Rc1# 0-1

[Event "*** SCC Grand Prix: Titled Tuesday Blitz"]
[Site "Chess.com"]
[Date "2020.07.14"]
[Round "7"]
[White "Haapana"]
[Black "andrzej"]
[Result "1-0"]
[WhiteElo "2341"]
[BlackElo "2194"]
[TimeControl "180+1"]
[EndTime "11:21:23 PDT"]
[Termination "Haapana won on time"]

1. d4 Nf6 2. c4 e6 3. Nf3 b6 4. g3 Bb7 5. Bg2 c5 6. d5 exd5 7. Nh4 g6 8. cxd5 Bg7 9. O-O O-O 10.
e4 d6 11. Re1 Re8 12. Nc3 Nbd7 13. h3 a6 14. a4 Rc8 15. Nf3 c4 16. Bg5 h6 17.
Bf4 Nc5 18. e5 dxe5 19. Nxe5 Nh5 20. Nc6 Rxe1+ 21. Qxe1 Bxc6 22. dxc6 Nxf4 23. gxf4 Nd3 24. Qe4 Nxb2 25. Nd5 Kh7 26. c7 Rxc7 27. Nxc7 Qxc7 28. Rc1 b5 29. f5 Qe5 30. fxg6+ fxg6 31. axb5 Qxe4 32.
Bxe4 axb5 33. Ra1 Nd3 34. Ra6 Nf4 35. h4 h5 36. Rb6 Bd4 37. Rxb5 Nh3+ 38. Kg2 Nxf2 39.
Rxh5+ Kg7 40. Rd5 Bb6 41. Bxg6 Ng4 42. Rd7+ Kxg6 43. Rd6+ Kh5 44. Rxb6 Kxh4 45. Kf3 Ne5+ 46.
Kf4 Nd3+ 47. Ke3 Ne5 48. Re6 Nd3 49. Rg6 Kh5 50. Rg1 Ne5 51. Kf4 Ng6+ 52. Kf5 Nh4+ 53. Kf6 c3 54. Rg5+ Kh6 55. Rc5 Ng2 56. Rxc3 Kh5 57.
Rg3 Nf4 58. Rg5+ Kh4 59. Kf5 Nh3 60. Rg4+ Kh5 61. Rg3 Kh4 62. Rf3 1-0

[Event "*** SCC Grand Prix: Titled Tuesday Blitz"]
[Site "Chess.com"]
[Date "2020.07.14"]
[Round "7"]
[White "Grischuk"]
[Black "GM_Levan_Pantsulaia"]
[Result "1-0"]
[WhiteElo "3050"]
[BlackElo "2825"]
[TimeControl "180+1"]
[EndTime "11:21:24 PDT"]
[Termination "Grischuk won by resignation"]

1. Nf3 c5 2. e4 e6 3. Bd3 Nc6 4. O-O Nf6 5. e5 Ng4 6. Re1 Qc7 7.
Qe2 d6 8. exd6 Bxd6 9. h3 Nf6 10. Nc3 a6 11. Ne4 Nxe4 12. Qxe4 Bd7 13. b3 Nb4 14. Bb2 Bc6 15. Qe2 Nxd3 16. Qxd3 O-O-O 17. Qe2 Rhg8 18. Ne5 Bb5 19. d3 f6 20. a4 Be8 21. Nc4 Bf7 22. Bc3 Qc6 23. Ba5 Bc7 24. Bxc7 Qxc7 25. a5 e5 26.
Nb6+ Kb8 27. Rab1 Rd4 28. c3 Rh4 29. b4 Rd8 30. Rec1 Bg6 31. Rd1 Qc6 32. Qe3 cxb4 33. cxb4 Rhd4 34. Rdc1 Qb5 35. Rb3 Rxd3 36. Rxd3 Qxd3 37.
Qc5 Bf5 38. Qc7+ Ka7 39. Qxg7 Qd2 40. Rc7 Be4 41. Qxf6 Qd4 42. Rc8 Rxc8 43. Nxc8+ Kb8 44. Nb6 Bc6 45. Kh2 Qf4+ 46. Qxf4 exf4 47. g3 fxg3+ 48. Kxg3 Kc7 49. Kf4 Kd6 50. Kg5 Ke5 51. f4+ Kd4 52. f5 Kc3 53. f6 Be8 54. Nc8 Bf7 55. Nd6 Bd5 56. Nxb7 Kxb4 57. Kh6 Kb5 58. Kxh7 Kc6 59.
f7 Kb5 60. f8=Q Be4+ 61. Kg7 Bxb7 62. Qf5+ 1-0

[Event "*** SCC Grand Prix: Titled Tuesday Blitz"]
[Site "Chess.com"]
[Date "2020.07.14"]
[Round "7"]
[White "mishikomchedlishvili"]
[Black "Colchonero64"]
[Result "0-1"]
[WhiteElo "2770"]
[BlackElo "2944"]
[TimeControl "180+1"]
[EndTime "11:21:25 PDT"]
[Termination "Colchonero64 won by resignation"]

1. d4 Nf6 2. g3 c5 3. d5 b5 4. Bg2 d6 5. e4 Nbd7 6. Ne2 g6 7. b3 Bg7 8. Bb2 O-O 9. O-O Re8 10. Qc1 Bb7 11. c4 e6 12. Nf4 exd5 13. exd5 bxc4 14.
bxc4 Ne5 15. Qc2 Ba6 16. Nd2 h5 17. Rfe1 Nfd7 18. Rab1 Rb8 19. Ba1 Rxb1 20. Rxb1 Nb6 21. Bxe5 Rxe5 22. Nd3 Re2 23. Bf1 Re7 24. Re1 h4 25. Re2 Qe8 26. Nc1 Rxe2 27. Nxe2 Nxd5 28. cxd5 Bxe2 29. Qe4 Qxe4 30. Nxe4 Bf3 31. Bg2 Bxg2 32.
Kxg2 hxg3 33. hxg3 Bf8 34. g4 Be7 35. f4 Kf8 36.
Kf3 Kg7 37. f5 gxf5 38. gxf5 Kh6 39. Kg4 c4 40. Kf4 Kh5 41. f6 Bf8 42. Ke3 Kg4 43. Kd4 Kf5 44. Nc3 Kg6 45. Nb5 a6 46. Nc7 a5 47. Ne8 Kf5 48. Kxc4 Ke5 49. a4 Bh6 50. Kb5 Kxd5 51. Kxa5 Kc6 52. Kb4 d5 53. Kc3 Bg5 54. Kd3 Kd7 55. Ng7 Bxf6 56. Nf5 Kc6 57. Ne3 Kc5 58. a5 Bd8 59. a6 Bb6 60. Ng4 Kd6 61.
Nh6 Ke6 62. Ng4 f5 63. Ne3 f4 64. Nc2 Kd6 65. Nd4 Bxd4 66. Kxd4 Kc6 67. Kd3 Kb6 68. Ke2 d4 69. Kd3 f3 0-1

[Event "*** SCC Grand Prix: Titled Tuesday Blitz"]
[Site "Chess.com"]
[Date "2020.07.14"]
[Round "7"]
[White "Fortitudine"]
[Black "CroissantNeuf"]
[Result "1/2-1/2"]
[WhiteElo "2290"]
[BlackElo "2405"]
[TimeControl "180+1"]
[EndTime "11:21:29 PDT"]
[Termination "Game drawn by repetition"]

1. d4 d5 2. Nc3 Nf6 3. Bg5 c6 4.
Nf3 Bf5 5. e3 e6 6. Bd3 Bb4 7.
O-O Nbd7 8. Ne2 h6 9. Bh4 O-O 10. c3 Bd6 11. Bg3 Qc7 12. Bxd6 Qxd6 13. Ng3 Bg4 14. h3 Bxf3 15. Qxf3 e5 16. dxe5 Nxe5 17. Qe2 Rfe8 18. Rad1 Rad8 19. Rfe1 Qc7 20. Bb1 Re6 21. Bf5 Re7 22. Bb1 g6 23. Qc2 Kg7 24. b3 Rde8 25.
Qb2 h5 26. Ne2 Kg8 27. Nf4 Ne4 28. Nd3 Qc8 29. Nxe5 Rxe5 30. Bxe4 Rxe4 31. Rd4 Qe6 32. Red1 Re5 33. Qe2 Qf5 34. c4 dxc4 35. Qxc4 Qf6 36. Rf4 Qe7 37. Rdd4 Kg7 38. Rd2 Qe6 39. Qxe6 R8xe6 40. Rfd4 Re7 41. Kf1 Kf6 42. g3 g5 43. h4 g4 44. Ke2 Kg6 45. Rd6+ f6 46. Rd8 Kg7 47. Ra8 a6 48. Rdd8 Kg6 49. Rg8+ Kf7 50. Rh8 Ke6 51.
Rhd8 Kf7 52. Rf8+ Ke6 53. Rad8 Rf5 54. Rfe8 Re5 55. Rxe7+ Kxe7 56. Rb8 Rb5 57. Kd3 Ke6 58. Rh8 Ke7 59. Ke4 Ke6 60. Re8+ Kf7 61. Rb8 Ke6 62. Re8+ Kf7 63. Rb8 Ke6 64. Re8+ 1/2-1/2

[Event "*** SCC Grand Prix: Titled Tuesday Blitz"]
[Site "Chess.com"]
[Date "2020.07.14"]
[Round "7"]
[White "Carnivoras"]
[Black "FedaMaster"]
[Result "1-0"]
[WhiteElo "2614"]
[BlackElo "2375"]
[TimeControl "180+1"]
[EndTime "11:21:35 PDT"]
[Termination "Carnivoras won on time"]

1. d4 Nf6 2. Nf3 g6 3. c4 Bg7 4. Nc3 d5 5. Bg5 c5 6. Bxf6 Bxf6 7. Nxd5 Bg7 8. e3 Nc6 9. Be2 e6 10. Nc3 cxd4 11. exd4 Nxd4 12. O-O Nxf3+ 13. Bxf3 Bxc3 14. bxc3 O-O 15. Qd4 Qc7 16. Rfd1 Rb8 17. Qxa7 Bd7 18. Rab1 Bc6 19. Qc5 Rfc8 20. Be2 Ra8 21. Rd2 Qf4 22. Qe3 Qf6 23. h3 h5 24. Bf1 Ra3 25. Rb3 Ra5 26. Qd4 e5 27. Qb6 Rca8 28. Rbb2 Ra3 29. Qb4 e4 30.
Rd4 Rxa2 31. c5 Ra1 32. Rb1 R8a4 33. Rxa1 Rxa1 34. Qb2 e3 35. Rd6 Qf4 36. Rd8+ Kh7 37. c4 f6 38. Rd6 exf2+ 39. Qxf2 Qxf2+ 40. Kxf2 f5 41. Be2 f4 42. Bf3 Ra2+ 43. Kf1 Bxf3 44. gxf3 Rb2 45. Rb6 Rc2 46. Rxb7+ Kh6 47. Rb4 Rd2 48.
c6 Rd8 49. Rb5 Rc8 50. Rc5 Kg7 51. Ke2 Kf6 52. Kd3 Ke6 53. Ke4 Kd6 54. Rg5 Rg8 55.
Kxf4 Kxc6 56. Re5 Rf8+ 57. Kg3 Rf6 58. f4 Rd6 59. Kh4 Rd3 60. Re6+ Kc5 61. Rxg6 Rd4 62.
Kg5 Rd3 63. h4 Rf3 64. f5 Kxc4 65. f6 Kd5 66. Kxh5 Ke6 67. Kg5 Rg3+ 68. Kh6 Rf3 69. Kg7 Kd7 70. h5 Rb3 71. h6 Rb7 72. f7 Ke7 73.
f8=Q+ Kd7 74. Qf7+ Kc8 75. Qxb7+ Kxb7 76. h7 Ka7 77.
h8=Q Kb7 78. Qf8 1-0

[Event "*** SCC Grand Prix: Titled Tuesday Blitz"]
[Site "Chess.com"]
[Date "2020.07.14"]
[Round "7"]
[White "chessplayer9919"]
[Black "manmanlai1"]
[Result "1/2-1/2"]
[WhiteElo "2646"]
[BlackElo "2478"]
[TimeControl "180+1"]
[EndTime "11:21:36 PDT"]
[Termination "Game drawn by repetition"]

1. d4 d5 2. c4 e6 3. Nf3 Nf6 4. g3 Bb4+ 5. Bd2 Be7 6. Bg2 O-O 7. O-O c6 8. Qc2 b6 9. Bf4 Bb7 10. Nbd2 Nbd7 11. e4 Rc8 12. e5 Ne8 13. cxd5 cxd5 14. Qa4 a6 15. Rfe1 Nb8 16. h4 Nc6 17. Nf1 Nc7 18. N1h2 Nb5 19. Qd1 Nb4 20. Re2 a5 21.
a3 Nc6 22. Rc2 Ba6 23. Bf1 Nb8 24. Rac1 Qd7 25. h5 Rxc2 26. Rxc2 Rc8 27. Bd3 Nc7 28. Ng4 Bxd3 29. Qxd3 Ne8 30. Rxc8 Qxc8 31. Kg2 Qc6 32. Bg5 Bf8 33. h6 g6 34. Qd2 a4 35.
Nf6+ Nxf6 36. Bxf6 Nd7 37. Qf4 Qc2 38. g4 Qe4 39. Qxe4 dxe4 40. Ng5 Bxh6 41. Nxe4 Bc1 42. Be7 Bxb2 43. f4 Bxd4 44. Kf3 Bb2 45. Bb4 Kg7 46.
g5 h5 47. Nd6 Nc5 48. Nc4 Bd4 49. Nxb6 Nd3 50. Nxa4 Nxb4 51. axb4 Kf8 52. b5 Ke7 53. Ke4 Bf2 54. Nc3 Kd7 55. Kf3 Bb6 56. Ne4 Bc7 57. Nc5+ Kc8 58. Ke4 Bb6 59. Nd3 Bd8 60.
Nb4 Be7 61. Nc6 Bc5 62. Kf3 Kc7 63. Ke4 Bb6 64. Kf3 Bc5 65. Ke4 Bf8 66. Kf3 Ba3 67.
Ke4 Bc1 68. Kf3 h4 69. Kg4 h3 70. Kxh3 Bxf4 71. Kg4 Bd2 72. Kh4 Bc3 73. Kg4 Bd2 74. Kh4 Kd7 75. Kg4 Kc7 1/2-1/2

[Event "*** SCC Grand Prix: Titled Tuesday Blitz"]
[Site "Chess.com"]
[Date "2020.07.14"]
[Round "7"]
[White "annazero"]
[Black "Infernal_XaM"]
[Result "1-0"]
[WhiteElo "2395"]
[BlackElo "2954"]
[TimeControl "180+1"]
[EndTime "11:21:36 PDT"]
[Termination "annazero won by resignation"]

1. d4 Nf6 2. Nf3 b5 3. Bf4 Bb7 4. e3 a6 5. Nbd2 d6 6. h3 Nbd7 7. Bh2 g6 8. Bd3 Bg7 9. O-O c5 10. c3 O-O 11. e4 cxd4 12. cxd4 Qb6 13. Qe2 Rfc8 14. a3 Ne8 15. e5 dxe5 16. dxe5 Nc7 17. Be4 Ne6 18. Bxb7 Qxb7 19. Ne4 Ndc5 20. Nxc5 Rxc5 21.
Rac1 Rac8 22. Rxc5 Rxc5 23. Rd1 h5 24. Bg3 Bh6 25. Qd3 Qc6 26. Nd4 Qd5 27. Nf5 Qxd3 28. Nxh6+ Kg7 29. Rxd3 Kxh6 30. Rd7 Rc7 31. Rxc7 Nxc7 32.
h4 Ne6 33. f3 Nc5 34. Bf2 Nd3 35. Bd4 Kg7 36. Kf1 Kf8 37. Ke2 Nf4+ 38. Kf2 Ke8 39. g3 Ne6 40. Bc3 Kd7 41. Ke3 Nc7 42. Ke4 Ke6 43.
g4 Nd5 44. Bd2 Nb6 45. gxh5 gxh5 46. f4 f5+ 47. exf6 exf6 48. f5+ Ke7 49. Bb4+ Kd7 50. Bc3 Ke7 51. Kd4 Na4 52. Bb4+ Kd7 53. b3 Nb6 54. Bc5 Na8 55. Ke4 Nc7 56. Bd4 Ne8 57. Kd5 Nd6 58. Bxf6 Nxf5 59. Ke5 Ne3 60. Ke4 Nc2 61. Kf5 Nxa3 62.
Kg6 Nc2 63. Kxh5 Ke6 64. Kg6 Ne3 65. h5 Nd5 66. Bg5 Nb4 67. h6 Nc6 68. h7 Ne5+ 69. Kg7 Nf7 70. Bf6 a5 71. Bc3 a4 72. bxa4 bxa4 73.
Bb2 Ke7 74. Ba3+ Ke6 75. Bb4 a3 76. Bxa3 1-0

[Event "*** SCC Grand Prix: Titled Tuesday Blitz"]
[Site "Chess.com"]
[Date "2020.07.14"]
[Round "7"]
[White "SHIVACalypso"]
[Black "KaterynaLagno"]
[Result "1/2-1/2"]
[WhiteElo "2444"]
[BlackElo "2727"]
[TimeControl "180+1"]
[EndTime "11:21:36 PDT"]
[Termination "Game drawn by repetition"]

1. Nf3 Nf6 2. c4 g6 3. g3 Bg7 4. Bg2 Nc6 5. O-O O-O 6. Nc3 d5 7. cxd5 Nxd5 8. Nxd5 Qxd5 9. d3 Qd6 10. Bf4 e5 11. Bd2 Nd4 12. Nxd4 exd4 13. Rc1 c6 14. Qb3 Re8 15. e4 dxe3 16. Bxe3 Rd8 17. Rfd1 Bg4 18. f3 Be6 19. Qa4 Bxb2 20. Rb1 Bd4 21. Bxd4 Qxd4+ 22. Qxd4 Rxd4 23. Rxb7 Bxa2 24. f4 Bd5 25. Rd7 a5 26.
Re1 a4 27. Ree7 a3 28. Ra7 Ra4 29. Re8+ Rxe8 30. Rxa4 Re1+ 31. Kf2 Ra1 32. Bxd5 cxd5 33. Ra7 Kg7 34. Ke3 Rh1 35. Rxa3 Rxh2 36. Ra5 h5 37.
Rxd5 Kf6 38. Kf3 Rd2 39. Rd6+ Ke7 40. Rd4 Ke6 41. Rd8 f6 42. Ke3 Rd1 43. Ke2 Ra1 44. Kf3 Kf5 45. Rd5+ Ke6 46. Rd8 g5 47. fxg5 fxg5 48.
Rh8 Rh1 49. Rd8 Kf5 50. Rd5+ Kf6 51. Rd6+ Ke5 52. Rd8 Rf1+ 53. Kg2 Rd1 54. Kf3 g4+ 55. Ke3 Rf1 56. d4+ Ke6 57. Rh8 Rf3+ 58. Ke4 Rxg3 59. Rxh5 Rg1 60. Rh6+ Kd7 61. Kf4 g3 62. Rg6 Rf1+ 63.
Ke3 Rg1 64. Kf3 Rf1+ 65. Ke2 Rf2+ 66. Ke3 Rf1 67. Rxg3 Kd6 68. Ke4 Re1+ 69. Kd3 Rd1+ 70. Ke4 Re1+ 71. Kd3 Rd1+ 72. Ke4 Re1+ 1/2-1/2

[Event "*** SCC Grand Prix: Titled Tuesday Blitz"]
[Site "Chess.com"]
[Date "2020.07.14"]
[Round "7"]
[White "mjray79"]
[Black "TheNextLevelFan"]
[Result "1/2-1/2"]
[WhiteElo "2345"]
[BlackElo "2523"]
[TimeControl "180+1"]
[EndTime "11:21:38 PDT"]
[Termination "Game drawn by repetition"]

1. d4 d5 2. c4 dxc4 3. Nf3 Nf6 4.
g3 c5 5. Bg2 Nc6 6. Qa4 Qa5+ 7.
Qxa5 Nxa5 8. dxc5 e6 9. Ne5 Bxc5 10. Bd2 Bb6 11. Na3 O-O 12. Naxc4 Nxc4 13. Nxc4 Bc7 14. O-O Rb8 15. a4 Bd7 16. Bc3 Nd5 17. Bd4 b6 18. Ne3 Nxe3 19. Bxe3 Be5 20. Rfd1 Rfd8 21. Bd4 Bxd4 22.
Rxd4 Be8 23. Rxd8 Rxd8 24. Rc1 Bxa4 25. Rc7 a5 26. Rb7 b5 27. Bc6 Bb3 28. Rxb5 a4 29.
Rb4 g5 30. Bxa4 Rd1+ 31. Kg2 Bxa4 32. Rxa4 Rd2 33. Rg4 h6 34. h4 Rxb2 35. hxg5 hxg5 36. Rxg5+ Kf8 37. Kf3 Ke7 38. Ra5 Kf6 39. g4 Kg6 40. e3 Rb3 41. Kg3 Rb2 42. Ra6 Rb3 43. Ra7 Kf6 44.
Kf4 Kg6 45. Ke5 Rb5+ 46. Kf4 Rb4+ 47. e4 Rb2 48. f3 Rb3 49. Re7 Kf6 50. Re8 Kg6 51. g5 Kg7 52. Ra8 Kg6 53. Kg4 Kg7 54. f4 Rb4 55. e5 Rc4 56. Ra3 Rd4 57. Rg3 Rc4 58. Rf3 Kg6 59. Kg3 Rd4 60. Ra3 Re4 61. Ra1 Re3+ 62. Kg4 Re4 63. Rh1 Rc4 64. Rh6+ Kg7 65.
Rf6 Rc6 66. f5 exf5+ 67. Kxf5 Rc1 68. Ra6 Rf1+ 69. Kg4 Re1 70. Kf4 Rf1+ 71. Kg4 Re1 72. Ra5 Rf1 73. Ra7 Rg1+ 74. Kf4 Re1 75. Re7 Kg6 76. Ra7 Rf1+ 77. Kg4 Rg1+ 78. Kh4 Rh1+ 79. Kg4 Rg1+ 80. Kf4 Rf1+ 81. Kg4 Rg1+ 1/2-1/2

[Event "*** SCC Grand Prix: Titled Tuesday Blitz"]
[Site "Chess.com"]
[Date "2020.07.14"]
[Round "7"]
[White "Mikasinski"]
[Black "GMaka"]
[Result "1-0"]
[WhiteElo "2494"]
[BlackElo "2342"]
[TimeControl "180+1"]
[EndTime "11:21:42 PDT"]
[Termination "Mikasinski won by resignation"]

1. e4 Nf6 2. e5 Nd5 3. c4 Nb6 4. d4 d5 5. c5 N6d7 6. e6 fxe6 7. Bd3 Nf6 8. Nf3 g6 9. O-O Bg7 10. Re1 O-O 11. Bg5 Nc6 12. Qd2 b6 13. cxb6 axb6 14. Bh6 Ne4 15. Bxe4 dxe4 16. Bxg7 Kxg7 17. Rxe4 Qd5 18.
Nc3 Qf5 19. Rh4 h5 20. Ne4 Ra5 21. Ng3 Qf6 22. Re4 Rd5 23. Qc2 Bd7 24. Rae1 Nxd4 25. Nxd4 Rxd4 26. Rxd4 Qxd4 27. Rd1 Qa4 28. Qc3+ Rf6 29.
b3 Qc6 30. Qxc6 Bxc6 31. Rc1 e5 32. f3 Rd6 33. Kf2 Kf6 34. Ke3 h4 35. Ne2 Bb5 36.
Rxc7 Rd3+ 37. Ke4 Rd2 38. Nc3 Be8 39. Ke3 Rxg2 40. Nd5+ Kg5 41. Rxe7 Bc6 42. Rxe5+ Kh6 43. Nf4 Rxh2 44. Re6 Bb5 45. Rxg6+ Kh7 46. Rxb6 Bf1 47. a4 h3 48. a5 Rb2 49. Nxh3 Bxh3 50. a6 Ra2 51. b4 Bc8 52. b5 Ra3+ 53. Kd4 Bf5 54. Rb7+ Kg6 55. f4 Kf6 56. Kc5 Be4 57. Rc7 Kf5 58. Kb6 Kxf4 59. Rc4 Ke5 60. Kc7 Bd5 61. Rc5 Kd4 62. Rc2 Bc4 63. Kb7 Bxb5 64. a7 Bd3 65. Rb2 Be4+ 66. Kb8 Ke5 67. Rb5+ Kd6 68.
Rb6+ Bc6 69. Rb4 Kc5 70. Rb2 Re3 71. Rc2+ Kb5 72. Rxc6 Re2 73. a8=Q 1-0

[Event "*** SCC Grand Prix: Titled Tuesday Blitz"]
[Site "Chess.com"]
[Date "2020.07.14"]
[Round "7"]
[White "Alexander_Moskalenko"]
[Black "Mfcyryd"]
[Result "0-1"]
[WhiteElo "2768"]
[BlackElo "2586"]
[TimeControl "180+1"]
[EndTime "11:21:43 PDT"]
[Termination "Mfcyryd won on time"]

1. c4 Nf6 2. Nc3 e6 3. e4 d5 4.
e5 d4 5. exf6 dxc3 6. bxc3 Qxf6 7. Be2 c5 8. d4 cxd4 9. Nf3 dxc3 10. O-O Nc6 11. Rb1 Bc5 12. Rb5 b6 13. Rxc5 bxc5 14. Qd6 e5 15. Qxc5 Bb7 16. Be3 Qe7 17. Qb5 O-O 18.
Bc5 Qc7 19. Bxf8 Rxf8 20. Qc5 Qb6 21. Qe3 Nd4 22. h3 Bxf3 23. Bxf3 c2 24. Be4 Qb2 25. Kh2 Ne2 26. Bxc2 Qxc2 27. Qxe5 Qxc4 28. Rd1 Qf4+ 29.
Qxf4 Nxf4 30. Rd7 Ra8 31. a4 Ne6 32. a5 Kf8 33. g3 Ke8 34. Rb7 Nc5 35. Rc7 Nd7 36. f4 a6 37. g4 Kd8 38. Rc6 Ra7 39. g5 Nb8 40. Rb6 Kc7 41. Rb2 Nc6 42. Re2 Ra8 43.
Rc2 Rd8 44. Rc5 Rd2+ 45. Kg3 Ra2 46. Rf5 Nd8 47. h4 Kd7 48. Rd5+ Ke7 49. Re5+ Kd7 50. Rd5+ Kc7 51. Rf5 Ra1 52. Kg4 Rg1+ 53. Kf3 Rh1 54. Kg4 Ra1 55. Rc5+ Nc6 56. Rf5 Nd8 57. Rc5+ Kd7 58.
Rd5+ Ke8 59. Re5+ Kf8 60. Rc5 Ne6 61. Rc8+ Ke7 62. f5 Nd8 63. Rc5 Ra4+ 64. Kg3 f6 65. Rc7+ Kf8 66. Rxg7 Kxg7 67. Kh3 Rxa5 68. Kg4 fxg5 69. hxg5 Kf7 0-1

[Event "*** SCC Grand Prix: Titled Tuesday Blitz"]
[Site "Chess.com"]
[Date "2020.07.14"]
[Round "7"]
[White "Kavyev_Ruslan"]
[Black "vaishali2001"]
[Result "0-1"]
[WhiteElo "2451"]
[BlackElo "2610"]
[TimeControl "180+1"]
[EndTime "11:21:43 PDT"]
[Termination "vaishali2001 won by checkmate"]

1. d4 Nf6 2. c4 g6 3. Nc3 d5 4. Bf4 Bg7 5. e3 O-O 6. Rc1 c5 7. dxc5 Qa5 8. cxd5 Ne4 9. Ne2 Na6 10. Qa4 Qxa4 11. Nxa4 Nb4 12. Nec3 Nxc3 13. Nxc3 Bxc3+ 14. bxc3 Nxd5 15. Bg3 Rd8 16. Be2 Be6 17. c4 Nb4 18. Rb1 Nc2+ 19. Kf1 Rac8 20. Rxb7 Rxc5 21. Rxa7 Rxc4 22.
h4 Rb4 23. Kg1 Rd2 24. Bf3 Ne1 25. h5 Nxf3+ 26. gxf3 gxh5 27. Rxh5 Rxa2 28. Rg5+ Kf8 29. Rc7 Ra8 30. Rh5 Kg7 31. Rxe7 Kg6 32. Rh2 Rb1+ 33.
Kg2 Raa1 34. f4 Bg4 35. f5+ Kxf5 36. f3 Rg1+ 37. Kf2 Raf1+ 38. Ke2 Bxf3+ 39. Kd3 Rxg3 40. Rxf7+ Ke6 41. Rf4 Rd1+ 42. Kc3 Rd6 43. Rh6+ Kd7 44. Rxh7+ Kc6 45. Rc4+ Kb6 46. Rh8 Rc6 47. Rb8+ Kc7 48. Rxc6+ Bxc6 49. Rh8 Rxe3+ 50. Kd4 Re6 51. Rh7+ Kd6 52.
Rh4 Rf6 53. Rg4 Rf8 54. Rg6+ Kc7 55. Kc5 Rf5+ 56. Kd4 Rd5+ 57. Kc4 Kb6 58. Rg4 Ra5 59. Kc3 Kc5 60. Kd2 Bd5 61. Ke3 Ra3+ 62. Kf4 Kd4 63. Kg5+ Ke5 64. Kg6 Ra8 65. Rg5+ Ke6 66. Kh5 Ra4 67. Rg6+ Ke5 68. Rg5+ Ke6 69. Rg6+ Kf7 70.
Rg5 Bf3+ 71. Kh6 Rh4+ 72. Rh5 Rxh5# 0-1

[Event "*** SCC Grand Prix: Titled Tuesday Blitz"]
[Site "Chess.com"]
[Date "2020.07.14"]
[Round "7"]
[White "esrosenberg"]
[Black "sergeikim"]
[Result "0-1"]
[WhiteElo "2212"]
[BlackElo "2371"]
[TimeControl "180+1"]
[EndTime "11:21:43 PDT"]
[Termination "sergeikim won by checkmate"]

1. Nf3 Nf6 2. c4 g6 3. Nc3 Bg7 4. e4 d6 5. d4 O-O 6. h3 e5 7.
dxe5 dxe5 8. Qxd8 Rxd8 9. Bg5 c6 10. Nxe5 Re8 11. O-O-O Na6 12. Nf3 Nc5 13. e5 Nfe4 14. Nxe4 Nxe4 15. Be3 Be6 16. Bd3 f5 17. exf6 Nxf6 18.
Rhe1 b5 19. cxb5 Bxa2 20. bxc6 Rec8 21. Bb5 Rab8 22. Ba4 Nd5 23. Bd4 Bh6+ 24. Kc2 Nb4+ 25. Kc3 Nxc6 26. Kd3 Nb4+ 27. Ke4 Bd5+ 28. Ke5 Rf8 29. Bc5 Rf5+ 30. Kd6 Bf8+ 31. Kc7 Rb7+ 32. Kc8 Bxc5 33. Rxd5 Nxd5 34. Kxb7 Bxf2 35. Re8+ Kf7 36.
Ne5+ Kg7 37. Ng4 Nb6 38. Re7+ Kf8 39. Rxh7 Nxa4 40. Nxf2 Rxf2 41. b3 Nc5+ 42. Kxa7 Nxb3 43. g4 Kg8 44. Rb7 Nd4 45. h4 Rf7 46. Rxf7 Kxf7 47. Kb6 Kf6 48. Kc5 Nf3 49. h5 g5 50. Kd5 Ne5 51.
h6 Nxg4 52. h7 Kg7 53. Ke6 Nh6 54. h8=Q+ Kxh8 55. Ke5 g4 56. Kf4 Kg7 57. Kg3 Kg6 58. Kh4 Kf5 59. Kg3 Kg5 60. Kh2 Kh4 61. Kg2 g3 62. Kh1 Ng4 63. Kg1 Kh3 64. Kh1 g2+ 65. Kg1 Nh2 66. Kf2 Nf3 67. Kxf3 g1=Q 68. Ke2 Qg6 69. Kf3 Qf5+ 70. Ke2 Kg4 71. Ke3 Qf4+ 72. Ke2 Kf5 73. Kd3 Ke5 74. Ke2 Kd5 75. Kd3 Qe4+ 76.
Kd2 Kd4 77. Kd1 Qe3 78. Kc2 Kc4 79. Kd1 Qf2 80. Kc1 Kc3 81. Kb1 Qb2# 0-1

[Event "*** SCC Grand Prix: Titled Tuesday Blitz"]
[Site "Chess.com"]
[Date "2020.07.14"]
[Round "7"]
[White "GregShahade"]
[Black "keshka01"]
[Result "1-0"]
[WhiteElo "2727"]
[BlackElo "2562"]
[TimeControl "180+1"]
[EndTime "11:21:45 PDT"]
[Termination "GregShahade won on time"]

1. e4 Nf6 2. e5 Nd5 3. d4 d6 4. Nf3 dxe5 5. Nxe5 c6 6. Be2 Bf5 7. O-O Nd7 8. Nf3 e6 9. c4 N5f6 10. Nc3 Bd6 11. h3 O-O 12. Be3 Re8 13. Re1 e5 14.
c5 Bc7 15. dxe5 Nxe5 16. Nd4 Bg6 17. Qb3 Qb8 18. Rad1 Ned7 19. Nf3 Rxe3 20. fxe3 Nxc5 21. Qc4 Ne6 22. Nd4 Nxd4 23. exd4 Bb6 24. Bf3 Qd6 25. Ne4 Bxe4 26. Bxe4 Bc7 27. Bf3 Qh2+ 28. Kf1 Qf4 29. Qc1 Qd6 30. Qg5 h6 31. Qc5 Qh2 32. Qe7 Re8 33. Qb4 Rxe1+ 34. Rxe1 Bg3 35. Re3 Qh1+ 36.
Ke2 Qg1 37. Qd2 Bf4 38. Qd3 Bxe3 39. Qxe3 Qxe3+ 40. Kxe3 Nd5+ 41. Kd3 f6 42. a3 Nc7 43. b4 Kf7 44. Kc4 Ke6 45. Bg4+ Kd6 46. Bc8 b6 47. Bg4 Nd5 48. Bf3 Ne7 49. Kd3 Nd5 50. Be4 Ne7 51. Bf3 f5 52. h4 g6 53. h5 g5 54. Kc4 Nd5 55. Kd3 Nf4+ 56. Ke3 Ne6 57.
g3 Nc7 58. Kd3 Nd5 59. Bg2 f4 60. g4 Nf6 61. Bf3 Nd7 62. Ke4 Ke6 63. Be2 Nf6+ 64. Kd3 Kd6 65. Bf3 b5 66. Kd2 Nd5 67. Kd3 Nb6 68. Ke4 Nc4 69. Kf5 Nd2 70. Be2 f3 71. Bd3 f2 72. Kg6 f1=Q 73. Bxf1 Nxf1 74. Kxh6 Ne3 75.
Kxg5 Ke6 76. Kg6 Nxg4 77. Kg7 Kd5 78. Kg6 Kxd4 79. Kg5 Ne5 80. Kf6 Ng4+ 81. Kg5 Ne5 82. Kf5 Nf7 83. Kg6 Ne5+ 84. Kf5 1-0

[Event "*** SCC Grand Prix: Titled Tuesday Blitz"]
[Site "Chess.com"]
[Date "2020.07.14"]
[Round "7"]
[White "Chess_Boxer123"]
[Black "2900tactinhos"]
[Result "1/2-1/2"]
[WhiteElo "2573"]
[BlackElo "2431"]
[TimeControl "180+1"]
[EndTime "11:21:46 PDT"]
[Termination "Game drawn by stalemate"]

1. d4 Nf6 2. Bf4 c5 3. d5 d6 4.
Nc3 a6 5. a4 g6 6. e4 Bg7 7. h3 O-O 8. Nf3 Qa5 9. Bd2 Qc7 10. Bd3 e5 11. dxe6 Bxe6 12. O-O Nc6 13. Ng5 Rad8 14. Bf4 Ne5 15. Be2 Bc4 16. Bxc4 Nxc4 17. b3 Ne5 18. Nf3 Qc6 19. Re1 Rfe8 20. Bg5 h6 21. Bh4 g5 22. Bg3 Ng6 23. Qd3 d5 24. exd5 Nxd5 25. Rxe8+ Qxe8 26. Re1 Qc6 27. Nxd5 Rxd5 28. Qe4 f5 29. Qe2 f4 30. Bh2 b5 31.
axb5 axb5 32. Rd1 Rxd1+ 33. Qxd1 c4 34. bxc4 Qxc4 35. Kh1 Ne5 36. Nxe5 Bxe5 37. f3 Qd4 38. Qxd4 Bxd4 39. Bg1 Be3 40. Bxe3 fxe3 41. Kg1 Kf7 42. Kf1 Ke6 43. Ke2 Kd5 44. Kxe3 Kc4 45. Kd2 b4 46. g3 Kd4 47. h4 gxh4 48. gxh4 h5 49. Ke2 Kc3 50. Kd1 Kd4 51. Kd2 Kc4 52. f4 Kd4 53.
f5 Ke5 54. Ke3 Kxf5 55. Kf3 Ke5 56. Ke3 Kd5 57. Kd3 Kc5 58. Ke3 Kc4 59. Ke2 Kd4 60. Kd2 Ke4 61. c3 bxc3+ 62. Kxc3 Kf4 63. Kd2 Kg4 64.
Ke2 Kxh4 65. Kf2 Kh3 66. Kg1 h4 67. Kh1 Kg3 68. Kg1 h3 69. Kh1 h2 1/2-1/2